 Dungeon Crawl Stone Soup version 0.23.2-1-ga50397a (webtiles) character file.

Game seed: 12578664647717380372

680943 diana the Champion of Chaos (level 27, -1/343 (345) HPs)
             Began as a Demonspawn Fighter on May 25, 2019.
             Was the Champion of Makhleb.
             Impaled on a Hell Sentinel's spines (10 damage)
             ... summoned by a lich
             ... on level 15 of a ziggurat.
             The game lasted 02:30:57 (63474 turns).

diana the Champion of Chaos (Demonspawn Fighter)   Turns: 63474, Time: 02:30:58

HP:   -1/343 (345)  AC: 35    Str: 38      XL:     27
MP:   0/41          EV: 29    Int: 14      God:    Makhleb [******]
Gold: 4105          SH: 25    Dex: 18 (23) Spells: 26/26 levels left

rFire    + . .     SeeInvis +   U - +8 mithril axe "Arga" {speed, MR+}
rCold    + + .     Gourm    .   h - +0 shield of the Suburbs {rElec Str+4}
rNeg     + . .     Faith    .   P - +7 chain mail "Enuasad" {rC+ rCorr}
rPois    +         Spirit   +   Q - +2 helmet {Int+3}
rElec    +         Reflect  +   T - +2 cloak {MR+}
rCorr    +         Harm     .   Z - +3 pair of gauntlets of War {Slay+5}
MR       +++..     NoTele   +   (boots unavailable)
Stlth    ..........             u - brooch of Shielding {Reflect SH+8}
HPRegen  0.67/turn              E - ring of Relativism {Wiz rN+ Str+2 Dex+3}
MPRegen  0.54/turn              A - ring "Oduurghiol" {-Tele rC+ MR- Dex+8 SInv}

@: berserking, flayed, wreathed by umbra, studying Crossbows, repel missiles,
very quick
A: talons 3, repulsion field 3, fire resistance 1, hurl damnation, high mp 1,
poison resistance, screaming 1, spiny 3, weak 1, magic shield, magic
regeneration, magic link, flame cloud immunity
}: 4/15 runes: decaying, slimy, silver, gossamer
a: Hurl Damnation, Minor Destruction, Lesser Servant of Makhleb, Major
Destruction, Greater Servant of Makhleb, Renounce Religion


You were on level 15 of a ziggurat.
You worshipped Makhleb.
Makhleb was exalted by your worship.
You were not hungry.

You visited 11 branches of the dungeon, and saw 51 of its levels.
You visited 1 bazaar.
You visited 1 ziggurat, and saw 15 of its levels.
You also visited: Sewer, Bailey and Gauntlet.

You collected 8554 gold pieces.
You spent 4449 gold pieces at shops.

Inventory:

Hand Weapons
 U - the +8 mithril axe "Arga" (weapon) {speed, MR+}
   (Okawaru gifted it to you on level 6 of the Lair of Beasts)

   Attacks with this weapon are significantly faster.
   It affects your resistance to hostile enchantments.
Missiles
 y - 6 throwing nets (quivered)
Armour
 h - the +0 shield of the Suburbs (worn) {rElec Str+4}
   (You found it in a bailey)

   It affects your strength (+4).
   It insulates you from electricity.
 N - the +2 shield of Resistance {rF+ rC+ MR+}
   (You found it on level 3 of the Depths)

   It protects you from fire.
   It protects you from cold.
   It affects your resistance to hostile enchantments.
 P - the +7 chain mail "Enuasad" (worn) {rC+ rCorr}
   (You bought it in a shop in a bazaar)

   It protects you from cold.
   It provides partial protection from all sources of acid and corrosion.
 Q - a +2 helmet of intelligence (worn)
 R - the +0 pair of gloves of Lucidity {rC+ Str+4 Dex+4}
   (You found it on level 3 of the Spider Nest)

   It affects your strength (+4).
   It affects your dexterity (+4).
   It protects you from cold.
 T - a +2 cloak of magic resistance (worn)
 Z - the +3 pair of gauntlets of War (worn) {Slay+5}
   (You found it on level 11 of a ziggurat)

   It affects your accuracy and damage with ranged weapons and melee attacks
   (+5).
Jewellery
 c - the ring of Guevat {MR- Str+3 Dex+4 SInv}
   (You found it in a bailey)

   [ring of strength]

   It affects your strength (+3).
   It affects your dexterity (+4).
   It affects your resistance to hostile enchantments.
   It lets you see invisible.
 u - the brooch of Shielding (around neck) {Reflect SH+8}
   (You took it off a deep elf annihilator on level 3 of the Elven Halls)

   [amulet of reflection]

   It shields you and reflects attacks.
   It affects your SH (+8).
 A - the ring "Oduurghiol" (right hand) {-Tele rC+ MR- Dex+8 SInv}
   (You found it on level 12 of a ziggurat)

   [ring of protection from cold]

   It affects your dexterity (+8).
   It protects you from cold.
   It affects your resistance to hostile enchantments.
   It lets you see invisible.
   It prevents most forms of teleportation.
 E - the ring of Relativism (left hand) {Wiz rN+ Str+2 Dex+3}
   (You acquired it on level 13 of a ziggurat)

   [ring of wizardry]

   It improves your spell success rate.
   It affects your strength (+2).
   It affects your dexterity (+3).
   It protects you from negative energy.
Wands
 b - a wand of scattershot (17)
 i - a wand of random effects (23)
 j - a wand of polymorph (4)
 s - a wand of clouds (12)
 H - a wand of digging (5)
 M - a wand of flame (94)
 S - a wand of acid (37)
 X - a wand of iceblast (99)
Scrolls
 a - 3 scrolls of identify
 e - 27 scrolls of teleportation
 k - 9 scrolls of fog
 q - 3 scrolls of summoning
 r - 3 scrolls of amnesia
 v - 2 scrolls of brand weapon
 w - 4 scrolls of immolation
 B - 26 scrolls of remove curse
 C - 18 scrolls of blinking
 F - 8 scrolls of magic mapping
 J - 8 scrolls of enchant armour
 K - 3 scrolls of silence
 O - 8 scrolls of fear
 Y - 7 scrolls of enchant weapon
Potions
 d - 12 potions of might
 g - a potion of berserk rage
 l - 10 potions of heal wounds
 m - 5 potions of flight
 n - 5 potions of magic
 o - 17 potions of curing
 p - 7 potions of invisibility
 t - 4 potions of agility
 x - 6 potions of ambrosia
 z - 8 potions of haste
 D - 3 potions of resistance
 G - a potion of mutation
 I - 4 potions of cancellation
Books
 L - a manual of Crossbows
Comestibles
 f - 65 rations


   Skills:
 + Level 21.7 Fighting
 + Level 18.1 Axes
 + Level 20.8 Armour
 + Level 20.1 Dodging
 + Level 17.0 Shields
 + Level 22.2 Invocations


You had 26 spell levels left.
You didn't know any spells.
Your spell library contained the following spells:

 Spells                   Type           Power        Failure   Level  Hunger
 Animate Skeleton         Necr           N/A          24%         1    ##.....
 Apportation              Tloc           #.....       24%         1    ##.....
 Confusing Touch          Hex            #.....       24%         1    ##.....
 Corona                   Hex            #......      24%         1    ##.....
 Freeze                   Ice            #...         24%         1    ##.....
 Infusion                 Chrm           #...         24%         1    ##.....
 Magic Dart               Conj           #...         24%         1    ##.....
 Pain                     Necr           #...         24%         1    ##.....
 Sandblast                Erth           #.....       24%         1    ##.....
 Shock                    Conj/Air       #...         24%         1    ##.....
 Sting                    Conj/Pois      #...         24%         1    ##.....
 Summon Small Mammal      Summ           #...         24%         1    ##.....
 Blink                    Tloc           N/A          34%         2    ###....
 Call Imp                 Summ           #.......     34%         2    ###....
 Corpse Rot               Necr           N/A          34%         2    ###....
 Ensorcelled Hibernation  Hex/Ice        #.....       34%         2    ###....
 Passwall                 Tmut/Erth      #.......     34%         2    ###....
 Poisonous Vapours        Pois/Air       #.....       34%         2    ###....
 Searing Ray              Conj           #.....       34%         2    ###....
 Shroud of Golubria       Chrm/Tloc      #.........   34%         2    ###....
 Slow                     Hex            #.......     34%         2    ###....
 Song of Slaying          Chrm           #.......     34%         2    ###....
 Sublimation of Blood     Necr           #.........   34%         2    ###....
 Swiftness                Chrm/Air       #.......     34%         2    ###....
 Throw Frost              Conj/Ice       #.....       34%         2    ###....
 Call Canine Familiar     Summ           #.......     56%         3    ####...
 Confuse                  Hex            #.......     56%         3    ####...
 Dazzling Spray           Conj/Hex       #.....       56%         3    ####...
 Gell's Gravitas          Tloc           #.........   56%         3    ####...
 Inner Flame              Hex/Fire       #.......     56%         3    ####...
 Lesser Beckoning         Tloc           #.........   56%         3    ####...
 Mephitic Cloud           Conj/Pois/Air  #.......     56%         3    ####...
 Ozocubu's Armour         Chrm/Ice       #.......     56%         3    ####...
 Portal Projectile        Hex/Tloc       #.....       56%         3    ####...
 Recall                   Summ/Tloc      N/A          56%         3    ####...
 Regeneration             Chrm/Necr      #.........   56%         3    ####...
 Spectral Weapon          Hex/Chrm       #.......     56%         3    ####...
 Spider Form              Tmut/Pois      #.........   56%         3    ####...
 Static Discharge         Conj/Air       #.......     56%         3    ####...
 Stone Arrow              Conj/Erth      #.....       56%         3    ####...
 Summon Guardian Golem    Hex/Summ       #.......     56%         3    ####...
 Teleport Other           Tloc           #.......     56%         3    ####...
 Tukima's Dance           Hex            #.......     56%         3    ####...
 Vampiric Draining        Necr           #.........   56%         3    ####...
 Airstrike                Air            #.........   91%         4    #####..
 Animate Dead             Necr           N/A          91%         4    #####..
 Cause Fear               Hex            #.........   91%         4    #####..
 Force Lance              Conj/Tloc      #.......     91%         4    #####..
 Fulminant Prism          Conj/Hex       #.........   91%         4    #####..
 Ice Form                 Ice/Tmut       #.......     91%         4    #####..
 Iskenderun's Mystic Bla  Conj           #.......     91%         4    #####..
 Leda's Liquefaction      Hex/Erth       #.........   91%         4    #####..
 Olgreb's Toxic Radiance  Pois           #.......     91%         4    #####..
 Passage of Golubria      Tloc           N/A          91%         4    #####..
 Petrify                  Tmut/Erth      #.......     91%         4    #####..
 Summon Ice Beast         Ice/Summ       #.......     91%         4    #####..
 Summon Lightning Spire   Summ/Air       #.......     91%         4    #####..
 Throw Icicle             Conj/Ice       #.......     91%         4    #####..
 Agony                    Necr           #.......     99%         5    ######.
 Aura of Abjuration       Summ           #.........   99%         5    ######.
 Blade Hands              Tmut           #.........   99%         5    ######.
 Bolt of Draining         Conj/Necr      #.........   99%         5    ######.
 Bolt of Magma            Conj/Fire/Erth #.........   99%         5    ######.
 Borgnjor's Vile Clutch   Necr/Erth      #.........   99%         5    ######.
 Dispel Undead            Necr           #.......     99%         5    ######.
 Excruciating Wounds      Chrm/Necr      #.........   99%         5    ######.
 Fireball                 Conj/Fire      #.........   99%         5    ######.
 Irradiate                Conj/Tmut      #.........   99%         5    ######.
 Iskenderun's Battlesphe  Conj/Chrm      #.......     99%         5    ######.
 Lee's Rapid Deconstruct  Erth           #.........   99%         5    ######.
 Lightning Bolt           Conj/Air       #.........   99%         5    ######.
 Metabolic Englaciation   Hex/Ice        #.........   99%         5    ######.
 Silence                  Hex/Air        #.........   99%         5    ######.
 Summon Demon             Summ           #.........   99%         5    ######.
 Summon Forest            Summ/Tloc      #.........   99%         5    ######.
 Venom Bolt               Conj/Pois      #.........   99%         5    ######.
 Yara's Violent Unravell  Hex/Tmut       #.........   99%         5    ######.
 Bolt of Cold             Conj/Ice       #.........   100%        6    #######
 Bolt of Fire             Conj/Fire      #.........   100%        6    #######
 Conjure Ball Lightning   Conj/Air       #.........   100%        6    #######
 Darkness                 Hex            #.........   100%        6    #######
 Deflect Missiles         Chrm/Air       #.........   100%        6    #######
 Dispersal                Tloc           #.........   100%        6    #######
 Freezing Cloud           Conj/Ice/Air   #.........   100%        6    #######
 Hydra Form               Tmut           #.........   100%        6    #######
 Invisibility             Hex            #.......     100%        6    #######
 Iron Shot                Conj/Erth      #.........   100%        6    #######
 Ozocubu's Refrigeration  Ice            #.........   100%        6    #######
 Simulacrum               Ice/Necr       #.........   100%        6    #######
 Statue Form              Tmut/Erth      #........    100%        6    #######
 Dragon Form              Tmut           #.........   100%        7    #######
 Haunt                    Necr/Summ      #.........   100%        7    #######
 Malign Gateway           Summ/Tloc      #.........   100%        7    #######
 Monstrous Menagerie      Summ           #.........   100%        7    #######
 Orb of Destruction       Conj           #.........   100%        7    #######
 Spellforged Servitor     Conj/Summ      #.........   100%        7    #######
 Summon Greater Demon     Summ           #.........   100%        7    #######
 Summon Hydra             Summ           #.........   100%        7    #######
 Borgnjor's Revivificati  Necr           #.........   100%        8    #######
 Controlled Blink         Tloc           N/A          100%        8    #######
 Death's Door             Chrm/Necr      #.........   100%        8    #######
 Discord                  Hex            #.........   100%        8    #######
 Disjunction              Tloc           #.........   100%        8    #######
 Ignition                 Fire           #.........   100%        8    #######
 Infestation              Necr           #.........   100%        8    #######
 Necromutation            Tmut/Necr      #.........   100%        8    #######
 Summon Horrible Things   Summ           #.........   100%        8    #######
 Shatter                  Erth           #.........   100%        9    #######
 Tornado                  Air            #.........   100%        9    #######


Dungeon Overview and Level Annotations

Branches:
Dungeon (15/15)            Temple (1/1) D:5            Lair (6/6) D:8
  Swamp (4/4) Lair:3       Spider (4/4) Lair:2        Slime (5/5) Lair:5
    Orc (2/2) D:10            Elf (3/3) Orc:2        Vaults (5/5) D:14
  Crypt (0/3) Vaults:2     Depths (5/5) D:15           Hell (1/1)
    Dis (0/7) Hell            Geh (0/7) Hell            Coc (0/7) Hell
    Tar (0/7) Hell            Zot (0/5) Depths:5

Altars:
Ashenzari
Cheibriados
Dithmenos
Elyvilon
Fedhas
Gozag
Hepliaklqana
Kikubaaqudgha
Makhleb
Nemelex Xobeh
Okawaru
Qazlal
Ru
Sif Muna
Trog
Uskayaw
Vehumet
Wu Jian
Xom
Yredelemnul
Zin
The Shining One
Jiyva

Shops:
D:5 ?   D:9 !   D:11 (   D:15 ?   Orc:2 ![[:   Elf:1 :   Vaults:4 !
Depths:4 :*(}

Portals:
Hell: Depths:1 Depths:2 Depths:3 Depths:4 Depths:5
Abyss: Depths:2 Depths:4 Depths:5
Pandemonium: Depths:3 Depths:4

Annotations:
Elf:1 exclusion: orange crystal statue
Elf:2 5 runed translucent doors


Innate Abilities, Weirdness & Mutations

You have claws for feet.
You are surrounded by a strong repulsion field. (EV +4, RMsl)
Your flesh is heat resistant. (rF+)
You can hurl damnation.
You are completely covered in sharp spines.
When hurt, damage is shared between your health and your magic reserves.
You regenerate magic rapidly.
When low on magic, you restore magic in place of health.
You are immune to clouds of flame.
You have an increased reservoir of magic. (+10% MP)
Your system is resistant to poisons. (rPois)
You occasionally shout uncontrollably at your foes.
You are weak. (Str -2)


Message History

You slash the Hell Sentinel! You hit the juggernaut zombie.
You slice the vampire knight!! You barely miss the freezing wraith.
The vampire knight is infused with unholy energy.
* * * LOW HITPOINT WARNING * * *
The vampire knight draws life force from you and is healed!
Your blizzard demon barely misses the ancient champion.
Your blizzard demon hits the ancient champion but does no damage.
The ancient lich closely misses you.
The flayed ghost cries, "Feel what I felt!"
The vampire knight blinks!
The vampire gestures wildly while chanting.
The vampire flickers and vanishes for a moment.
You closely miss the ancient lich.
You claw the ancient lich, but do no damage.
The ancient lich is heavily damaged.
You slash the freezing wraith!
You hit the vampire knight but do no damage.
You hit the juggernaut zombie.
You are struck by the Hell Sentinel's spines.
You die...

▓...........
▓...........
▓......§....
▓▓▓▓▓▓▓▓...........
▓............z.W...
▓..........§WV.Wn..
▓.....V...Z1AzWLV..
▓........VV@LzLWV..
▓..........W2WLWWVW
▓∩.........WWVVzWW.
▓...........ze.....
▓..................
▓..................
▓..................
▓..................
▓▓▓▓▓▓▓▓........


You could see a profane servitor, a Hell Sentinel, 2 ancient liches, a revenant,
a lich (invisible), 5 vampire knights, an eidolon, an ancient champion, a deep
elf death mage, 5 flayed ghosts, 2 vampire magi, a shadow wraith (invisible), 3
curse skulls, 2 freezing wraiths, 2 hungry ghosts, 2 vampires, a wraith, a
necrophage, 2 shadows, a flying skull, a juggernaut zombie and a friendly
blizzard demon.

Vanquished Creatures
  Dissolution (Slime:4)
  the Royal Jelly (Slime:5)
  3 ancient liches
  Mennas (Vaults:2)
  2 greater mummies (Zig:14)
  A juggernaut (Depths:1)
  Bai Suzhen (Depths:3)
  Saint Roka (Depths:3)
  7 caustic shrikes
  Geryon (Hell)
  Nikola (Vaults:2)
  9 golden dragons
  Jory (Depths:2)
  the Enchantress (Depths:2)
  A Brimstone Fiend (Zig:13)
  3 tentacled monstrosities (Vaults:5)
  A hellephant (Zig:6)
  Jorgrun (D:13)
  3 Ice Fiends (Zig:12)
  3 deep elf blademasters
  The ghost of Wigiv the Zephyrmancer, an adept OgAE of Vehumet (Swamp:2)
  18 titans
  4 liches
  4 deep elf master archers
  3 quicksilver dragons
  2 tentacled starspawn (Zig:8)
  22 acid blobs
  7 shadow dragons
  9 sphinxes
  A draconian monk (Depths:5)
  3 storm dragons
  Roxanne (Elf:3)
  2 thorn hunters
  Donald (Swamp:2)
  5 tengu reavers
  12 azure jellies
  20 fire giants
  4 iron dragons
  6 deep elf sorcerers
  An orc warlord (Zig:3)
  8 ghost moths
  2 nagarajas (Zig:10)
  A caustic shrike zombie (Hell)
  5 balrugs
  26 frost giants
  A draconian knight (Zig:12)
  12 vault wardens
  Aizul (Elf:3)
  5 emperor scorpions
  Louise (Elf:3)
  A cacodemon (Depths:4)
  2 curse skulls (Zig:15)
  4 deep elf elementalists
  A draconian shifter (Depths:5)
  A draconian annihilator (Depths:5)
  A juggernaut zombie (Depths:3)
  3 spriggan defenders (Depths:2)
  11 ironheart preservers
  32 stone giants
  3 war gargoyles
  5 reapers (Hell)
  2 black draconians
  A juggernaut skeleton (Zig:14)
  9 very ugly things
  7 entropy weavers
  12 deep elf annihilators
  9 vampire knights
  Nessos (Lair:4)
  10 deep elf demonologists
  A bennu (Zig:14)
  3 white draconians
  4 green draconians
  5 red draconians
  4 spark wasps
  A minotaur (Gauntlet)
  3 purple draconians
  2 yellow draconians
  Snorg (D:11)
  12 ettins
  6 death oozes
  3 blizzard demons
  A merfolk impaler (Zig:7)
  9 deep elf death magi
  5 mummy priests
  A quicksilver dragon zombie (Zig:13)
  24 yaktaur captains
  9 fire dragons
  7 deep elf high priests
  A jiangshi (Depths:3)
  2 merfolk javelineers (Zig:7)
  14 great orbs of eyes
  A great orb of eyes (shapeshifter) (Vaults:1)
  31 vault guards
  2 catoblepae
  Erolcha (D:9)
  4 rakshasas
  3 naga warriors (Zig:10)
  5 spriggan air magi
  22 hydras
  19 ice dragons
  4 shambling mangroves
  An anaconda (shapeshifter) (Vaults:5)
  40 two-headed ogres
  A merfolk avatar (Zig:7)
  23 dancing weapons
  7 alligators
  A two-headed ogre (shapeshifter) (Vaults:5)
  A deep troll shaman (Depths:5)
  8 centaur warriors
  19 ogre magi
  A death knight (Zig:11)
  6 death yaks
  2 anacondas (Zig:5)
  2 death scarabs (Zig:14)
  6 deep troll earth magi
  3 vampire magi
  5 tengu warriors
  5 spriggan berserkers
  2 shock serpents (Zig:10)
  Urug (D:10)
  A hell knight (Depths:1)
  3 soul eaters
  An orc high priest (Zig:3)
  31 deep elf knights
  2 titan zombies
  4 sun demons
  A titan skeleton (Zig:14)
  5 shadow wraiths (Depths:2)
  5 flayed ghosts
  A spatial maelstrom (Zig:8)
  3 spriggan druids
  8 salamander mystics
  19 deep trolls
  3 unseen horrors
  22 skeletal warriors
  A sea snake (shapeshifter) (Depths:1)
  A sea snake (Zig:7)
  24 wizards
  11 swamp dragons
  8 glowing orange brains
  4 tengu zombies
  2 anaconda zombies (Hell)
  A shadow dragon zombie (Hell)
  A torturous demonspawn (Depths:4)
  3 naga ritualists
  2 obsidian statues
  6 harpies
  An orange crystal statue (Depths:2)
  15 ironbrand convokers
  43 deep elf archers
  An anaconda skeleton (Hell)
  9 necromancers
  2 mana vipers
  32 wolf spiders
  5 phantasmal warriors
  4 shining eyes
  31 orb spiders
  97 deep elf magi
  A faun (shapeshifter) (Vaults:5)
  A fire giant zombie (Hell)
  A human zombie (Vaults:3)
  25 orc knights
  An orb spider (shapeshifter) (Vaults:5)
  An iron dragon zombie (Hell)
  A sphinx zombie (Vaults:4)
  A stone giant zombie (Hell)
  7 cyclopes
  8 orc sorcerers
  37 ugly things
  An oklob plant (Lair:3)
  A wolf spider (shapeshifter) (Vaults:5)
  A sphinx skeleton (Vaults:2)
  Maurice (D:8)
  4 manticores
  A moth of wrath (Zig:3)
  A shadow dragon skeleton (Zig:13)
  4 tengu skeletons
  5 elephants (Lair:5)
  2 frost giant zombies (Hell)
  19 salamanders
  2 frost giant skeletons
  3 ice statues (Zig:7)
  A fire giant skeleton (Vaults:2)
  5 naga magi
  A smoke demon (Hell)
  A rust devil (Depths:2)
  8 centaur zombies
  15 black mambas
  An apocalypse crab (Gauntlet)
  A gargoyle (D:10)
  3 eyes of devastation
  3 black mambas (shapeshifter)
  A guardian serpent (Zig:5)
  28 spiny frogs
  Psyche (D:8)
  3 torpor snails
  2 water nymphs (Zig:7)
  2 centaur skeletons (D:15)
  10 vault sentinels
  3 yaktaur zombies
  3 hellions (Zig:13)
  An elf zombie (Hell)
  A spriggan zombie (Hell)
  5 rime drakes
  A kobold demonologist (D:13)
  19 yaktaurs
  An anaconda simulacrum (Hell)
  A rime drake (shapeshifter) (Elf:2)
  5 freezing wraiths
  2 komodo dragons (shapeshifter)
  6 komodo dragons
  21 demonic crawlers
  3 yaktaur skeletons
  4 ice devils
  A golden dragon simulacrum (Zig:12)
  A tormentor (Zig:13)
  A yaktaur (shapeshifter) (Depths:5)
  A hellwing (Depths:5)
  A tengu conjurer (D:13)
  An ancient zyme (Zig:8)
  5 guardian mummies (Zig:14)
  17 trolls
  3 hydra zombies (Hell)
  3 red devils
  A polar bear (Lair:5)
  A polar bear (shapeshifter) (Vaults:5)
  51 jumping spiders
  A jumping spider (shapeshifter) (Depths:1)
  18 tyrant leeches
  A wolf spider simulacrum (Vaults:1)
  34 hornets
  A sphinx simulacrum (Zig:12)
  2 ettin zombies (Hell)
  12 hippogriffs
  160 slime creatures
  A fire dragon zombie (Hell)
  A deep troll zombie (Hell)
  13 blink frogs
  4 bog bodies
  A snapping turtle (Zig:7)
  7 dream sheep
  A fire giant simulacrum (Vaults:2)
  A vampire (D:9)
  14 shadows
  87 redbacks
  4 flying skulls
  An elf simulacrum (Zig:12)
  5 air elementals
  A yak (shapeshifter) (Depths:3)
  16 spriggans
  3 water elementals
  7 wraiths
  38 tarantellas
  4 wyverns
  An ettin skeleton (Vaults:3)
  39 yaks
  An ushabti (Zig:14)
  2 basilisks (shapeshifter) (Depths:3)
  11 fire elementals
  3 basilisks
  A chaos spawn (Zig:8)
  Grum (D:8)
  A golden eye (shapeshifter) (Depths:2)
  13 golden eyes
  A hungry ghost (D:7)
  2 neqoxecs
  A yaktaur simulacrum (Vaults:4)
  2 human simulacra (Vaults:2)
  20 vampire mosquitoes
  22 swamp worms
  A naga (Zig:5)
  6 wargs
  2 soldier ants
  A soldier ant (shapeshifter) (D:14)
  3 insubstantial wisps (Swamp:4)
  3 large abominations (Zig:8)
  An acid dragon (D:11)
  2 spiny frog zombies (Hell)
  15 water moccasins
  A floating eye (shapeshifter) (Vaults:5)
  3 floating eyes
  A hell hound (Zig:13)
  12 porcupines
  14 swamp drakes
  5 ice beasts
  A sky beast (D:14)
  A spiny frog skeleton (Hell)
  A deep troll skeleton (Vaults:2)
  3 black bears
  6 eyes of draining
  55 orc warriors
  2 eyes of draining (shapeshifter) (Depths:3)
  2 small abominations (Zig:8)
  65 ogres
  2 phantoms
  2 elf skeletons
  14 wolves
  12 boggarts
  An orc skeleton (Vaults:2)
  8 centaurs
  A crocodile (shapeshifter) (Vaults:2)
  14 crocodiles
  2 big kobolds
  24 bullfrogs
  9 human skeletons
  4 earth elementals
  A wyvern zombie (D:8)
  3 scorpions
  5 killer bees (D:8)
  17 wights
  6 howler monkeys
  10 electric eels
  14 crimson imps
  5 starcursed masses (Zig:8)
  2 quasits
  10 hounds
  11 jellies
  29 orc priests
  48 orc wizards
  A gnoll shaman (D:8)
  2 bullfrog skeletons
  3 iron imps (Depths:4)
  An iguana (D:7)
  5 hell rats (Lair:5)
  13 worker ants
  13 mummies (Zig:14)
  3 worker ant zombies
  Robin (D:2)
  13 adders
  11 gnolls
  7 river rats (Sewer)
  5 shadow imps
  3 white imps
  12 oozes
  An adder skeleton (D:7)
  2 worms
  6 ball lightnings (Swamp:2)
  3 dart slugs
  10 leopard geckos
  163 orcs
  3 ball pythons
  6 giant cockroaches
  9 goblins
  8 hobgoblins
  20 jackals
  27 kobolds
  4 quokkas
  5 bats
  7 frilled lizards
  A jackal skeleton (D:9)
  A jackal zombie (D:8)
  A leopard gecko skeleton (D:5)
  A quokka zombie (D:5)
  18 rats
  A spectral orc (D:3)
  4 briar patches (Swamp:4)
  A bush (Lair:3)
  A fire vortex (Depths:5)
  4 fungi
  9 plants
  A starspawn tentacle (Zig:8)
2910 creatures vanquished.

Vanquished Creatures (collateral kills)
  A caustic shrike zombie (Zig:14)
  A bennu (Zig:14)
  A quicksilver dragon zombie (Zig:13)
  A golden dragon skeleton (Zig:14)
  2 elf skeletons (Zig:13)
  A guardian mummy (Zig:14)
  A tormentor (Zig:13)
  A wraith (Zig:13)
9 creatures vanquished.

Vanquished Creatures (others)
  Asterion (Depths:3)
  A deep elf master archer (Depths:3)
  A frost giant (Depths:3)
  2 stone giants
  3 yaktaur captains
  A centaur warrior (Depths:3)
  2 deep elf knights
  5 deep elf archers
  3 deep elf magi
  6 yaktaurs
  A slime creature (Depths:3)
  A bog body (Swamp:4)
  A spriggan (Swamp:1)
  2 boggarts
  2 orc wizards
  2 ball lightnings (Swamp:2)
  7 orcs
  7 briar patches
  20 fungi
  57 plants
  A starspawn tentacle (Zig:8)
126 creatures vanquished.

Grand Total: 3045 creatures vanquished

Notes
Turn   | Place    | Note
-------+----------+-------------------------------------------
     0 | D:1      | diana the Demonspawn Fighter began the quest for the Orb.
     0 | D:1      | Reached XP level 1. HP: 18/18 MP: 1/1
   705 | D:2      | Gained mutation: When hurt, damage is shared between your
                  | health and your magic reserves. [demonic ancestry]
   705 | D:2      | Reached XP level 2. HP: 22/24 MP: 2/2
   942 | D:2      | Noticed Robin
   954 | D:2      | Reached XP level 3. HP: 20/29 MP: 3/3
   967 | D:2      | Killed Robin
   967 | D:2      | Reached skill level 1 in Dodging
  1703 | D:3      | Found a glowing drain.
  1726 | Sewer    | Entered a sewer
  1775 | Sewer    | Gained mutation: You have sharp toenails. [demonic
                  | ancestry]
  1775 | Sewer    | Reached XP level 4. HP: 17/35 MP: 2/4
  1983 | Sewer    | Noticed a big kobold
  1994 | Sewer    | Killed a big kobold
  1994 | Sewer    | Gained mutation: You regenerate magic rapidly. [demonic
                  | ancestry]
  1994 | Sewer    | Reached XP level 5. HP: 29/41 MP: 2/5
  2761 | D:3      | Gained mutation: You are surrounded by a mild repulsion
                  | field. (EV +2) [demonic ancestry]
  2761 | D:3      | Reached XP level 6. HP: 48/48 MP: 6/6
  2841 | D:3      | Found a basalt altar of Yredelemnul.
  4499 | D:4      | Gained mutation: You are surrounded by a moderate repulsion
                  | field. (EV +3) [demonic ancestry]
  4499 | D:4      | Reached XP level 7. HP: 23/54 MP: 5/7
  4891 | D:4      | Found an iron altar of Okawaru.
  4905 | D:4      | Became a worshipper of Warmaster Okawaru
  5215 | D:5      | Entered Level 5 of the Dungeon
  5285 | D:5      | Found Foumauhivy's Magic Scroll Shoppe.
  5497 | D:5      | Bought a scroll of noise for 14 gold pieces
  5497 | D:5      | Bought a scroll of magic mapping for 49 gold pieces
  5659 | D:4      | HP: 2/55 [poisoned by a worker ant]
  6029 | D:5      | Reached * piety under Okawaru
  6029 | D:5      | Gained mutation: You have razor-sharp toenails. [demonic
                  | ancestry]
  6029 | D:5      | Reached XP level 8. HP: 19/61 MP: 2/8
  6281 | D:5      | Found a sparkling altar of Nemelex Xobeh.
  6311 | D:5      | Reached skill level 5 in Armour
  6318 | D:5      | Found a staircase to the Ecumenical Temple.
  6384 | D:5      | Reached skill level 5 in Fighting
  6597 | D:6      | Found a blossoming altar of Fedhas.
  6622 | D:6      | Found a glowing golden altar of the Shining One.
  6677 | D:6      | Reached skill level 5 in Axes
  6681 | D:6      | Found an ornate altar of the Wu Jian Council.
  6877 | D:6      | Reached ** piety under Okawaru
  6881 | D:6      | Found a basalt altar of Yredelemnul.
  7187 | D:6      | Found a hide-covered altar of Uskayaw.
  7438 | D:7      | Reached skill level 1 in Invocations
  7491 | D:7      | Reached skill level 5 in Shields
  7491 | D:7      | Gained mutation: You are partially covered in sharp spines.
                  | [demonic ancestry]
  7491 | D:7      | Reached XP level 9. HP: 57/68 MP: 8/10
  7586 | D:7      | Reached skill level 2 in Invocations
  7783 | D:7      | Reached *** piety under Okawaru
  7981 | D:8      | Reached skill level 3 in Invocations
  8127 | D:8      | Noticed Grum
  8147 | D:8      | Killed Grum
  8424 | D:8      | Noticed Psyche
  8435 | D:8      | Killed Psyche
  8435 | D:8      | Reached skill level 4 in Invocations
  8437 | D:8      | Reached skill level 5 in Dodging
  8702 | D:8      | Found a shattered altar of Ashenzari.
  8708 | D:8      | Noticed a troll
  8716 | D:8      | Killed a troll
  8716 | D:8      | Reached **** piety under Okawaru
  8716 | D:8      | Reached XP level 10. HP: 46/77 MP: 8/13
  8903 | D:8      | Found a staircase to the Lair.
  8943 | D:8      | Found a glowing golden altar of the Shining One.
  9135 | D:8      | Noticed Maurice
  9148 | D:8      | Killed Maurice
  9148 | D:8      | Reached skill level 5 in Invocations
  9479 | D:9      | Found a shadowy altar of Dithmenos.
  9738 | D:9      | Reached ***** piety under Okawaru
  9818 | D:9      | Noticed a two-headed ogre
  9819 | D:9      | Noticed a two-headed ogre
  9822 | D:9      | Noticed a two-headed ogre
  9835 | D:9      | Killed a two-headed ogre
  9835 | D:9      | Reached skill level 6 in Invocations
  9841 | D:9      | Killed a two-headed ogre
  9841 | D:9      | Received a gift from Okawaru
  9841 | D:9      | Gained mutation: You are mostly covered in sharp spines.
                  | [demonic ancestry]
  9841 | D:9      | Reached XP level 11. HP: 44/84 MP: 7/15
  9858 | D:9      | Killed a two-headed ogre
  9858 | D:9      | Received a gift from Okawaru
  9885 | D:9      | Noticed a two-headed ogre
 10029 | D:9      | Noticed a two-headed ogre
 10034 | D:9      | Noticed a two-headed ogre
 10037 | D:9      | Killed a two-headed ogre
 10046 | D:9      | Killed a two-headed ogre
 10053 | D:9      | Killed a two-headed ogre
 10053 | D:9      | Reached skill level 7 in Invocations
 10061 | D:9      | Noticed Erolcha
 10063 | D:9      | Got a pair of warped boots
 10073 | D:9      | Killed Erolcha
 10242 | D:9      | Identified the +1 pair of boots of Ynoleid {rElec Int+2}
                  | (You found it on level 9 of the Dungeon)
 10666 | D:9      | Found a snail-covered altar of Cheibriados.
 10918 | D:9      | Found Jegom's Distillery.
 10952 | D:9      | Bought a potion of curing for 45 gold pieces
 11001 | D:9      | Found a deep blue altar of Sif Muna.
 11067 | D:9      | Found a sacrificial altar of Ru.
 11217 | D:10     | Entered Level 10 of the Dungeon
 11855 | D:10     | Noticed Urug
 11888 | D:10     | Killed Urug
 12160 | D:10     | Found a staircase to the Orcish Mines.
 12237 | D:10     | Noticed a two-headed ogre
 12248 | D:10     | Killed a two-headed ogre
 12248 | D:10     | Gained mutation: You are completely covered in sharp
                  | spines. [demonic ancestry]
 12248 | D:10     | Reached XP level 12. HP: 94/94 MP: 11/17
 12533 | D:11     | Noticed Snorg
 12566 | D:11     | Killed Snorg
 12993 | D:11     | Found Osax's Antique Weapon Boutique.
 13000 | D:11     | Bought an encrusted battleaxe for 356 gold pieces
 13005 | D:11     | Identified the +6 battleaxe of Echit {flame, rC+} (You
                  | bought it in a shop on level 11 of the Dungeon)
 13206 | Lair:1   | Entered Level 1 of the Lair of Beasts
 13310 | Lair:1   | Reached skill level 10 in Axes
 13316 | Lair:1   | You fall through a shaft!
 13510 | Lair:2   | Received a gift from Okawaru
 13605 | Lair:1   | Found a radiant altar of Vehumet.
 13820 | Lair:1   | Reached ****** piety under Okawaru
 14145 | Lair:2   | Received a gift from Okawaru
 14146 | Lair:2   | Found a hole to the Spider Nest.
 14982 | Lair:3   | Reached XP level 13. HP: 101/101 MP: 18/18
 15113 | Lair:3   | Reached skill level 10 in Armour
 15433 | Lair:3   | Received a gift from Okawaru
 15842 | Lair:3   | Found a staircase to the Swamp.
 16648 | Lair:4   | Noticed Nessos
 16661 | Lair:4   | HP: 3/103 [Nessos/arrow (6)]
 17127 | Lair:4   | Reached skill level 10 in Fighting
 17270 | Lair:4   | Killed Nessos
 18019 | Lair:5   | Found a viscous altar of Jiyva.
 18020 | Lair:5   | Found a staircase to the Slime Pits.
 18345 | Lair:6   | Entered Level 6 of the Lair of Beasts
 18358 | Lair:5   | Received a gift from Okawaru
 18474 | Lair:6   | Reached XP level 14. HP: 68/111 MP: 12/19
 18508 | Lair:6   | Received a gift from Okawaru
 18509 | Lair:6   | Found the +8 mithril axe "Arga" {speed, MR+}
 18977 | Lair:6   | Received a gift from Okawaru
 19674 | Lair:6   | Reached skill level 10 in Shields
 20334 | D:12     | Received a gift from Okawaru
 21163 | D:13     | Reached skill level 10 in Dodging
 21214 | D:13     | Noticed Jorgrun
 21243 | D:13     | Killed Jorgrun
 21266 | D:13     | Reached XP level 15. HP: 94/119 MP: 17/20
 21652 | D:13     | Received a gift from Okawaru
 22019 | Orc:1    | Entered Level 1 of the Orcish Mines
 22429 | Orc:2    | Entered Level 2 of the Orcish Mines
 22442 | Orc:2    | Received a gift from Okawaru
 22443 | Orc:2    | Found a gate leading to a gauntlet.
 22444 | Orc:2    | Found a staircase to the Elven Halls.
 22479 | Gauntlet | Entered a Gauntlet
 22479 | Gauntlet | Found a transporter.
 22479 | Gauntlet | Found a transporter.
 22487 | Gauntlet | Found a transporter.
 22491 | Gauntlet | Found a transporter.
 22495 | Gauntlet | Found a runed translucent door.
 22495 | Gauntlet | Found a runed translucent door.
 22499 | Gauntlet | Found a transporter.
 22503 | Gauntlet | Found a transporter.
 22507 | Gauntlet | Found a runed translucent door.
 22509 | Gauntlet | Found a runed translucent door.
 22511 | Gauntlet | Found a transporter.
 22527 | Gauntlet | Found a transporter.
 22541 | Gauntlet | Found a transporter.
 22545 | Gauntlet | Found a transporter.
 22553 | Gauntlet | Found a transporter.
 22557 | Gauntlet | Found a transporter.
 22967 | Orc:2    | Received a gift from Okawaru
 22979 | Orc:2    | Found Qoak's Antique Armour Boutique.
 23050 | Orc:2    | Found Loghux's Book Shoppe.
 23158 | Orc:2    | Found Zomamaamm's Distillery.
 23159 | Orc:2    | Found Homihed's Antique Armour Boutique.
 23719 | Orc:2    | Bought a glowing shield for 225 gold pieces
 23730 | Orc:2    | Bought a runed plate armour for 780 gold pieces
 23751 | Orc:2    | Bought a runed plate armour for 650 gold pieces
 23769 | Orc:2    | Bought a potion of heal wounds for 60 gold pieces
 23769 | Orc:2    | Bought a potion of curing for 36 gold pieces
 23769 | Orc:2    | Bought a potion of curing for 36 gold pieces
 24029 | D:14     | Found a gate to the Vaults.
 24075 | D:14     | Found a flagged portal.
 24090 | Bailey   | Entered a bailey
 24309 | Bailey   | Got a translucent lapis lazuli ring
 24311 | Bailey   | Got a fine shield
 24325 | Bailey   | Identified the cursed +0 shield of the Suburbs {rElec
                  | Str+4} (You found it in a bailey)
 24527 | D:14     | Identified the ring of Guevat {MR- Str+3 Dex+4 SInv} (You
                  | found it in a bailey)
 25012 | D:15     | Entered Level 15 of the Dungeon
 25165 | D:15     | Gained mutation: You have claws for feet. [demonic
                  | ancestry]
 25165 | D:15     | Reached XP level 16. HP: 115/127 MP: 21/21
 25268 | D:15     | Received a gift from Okawaru
 25273 | D:15     | Found a staircase to the Depths.
 25380 | D:15     | Found Fefaew Nugus's Magic Scroll Shop.
 25775 | Spider:1 | Entered Level 1 of the Spider Nest
 25800 | Spider:1 | Received a gift from Okawaru
 25838 | Spider:1 | Reached skill level 15 in Axes
 28121 | Spider:2 | Received a gift from Okawaru
 28130 | Spider:2 | Got a pair of bloodstained gloves {god gift}
 28141 | Spider:2 | Identified the +1 pair of gloves of Okawaru's Displeasure
                  | {rF++ rC+ MR+ Dex-3} (Okawaru gifted it to you on level 2
                  | of the Spider Nest)
 29031 | Spider:3 | Reached XP level 17. HP: 133/133 MP: 22/22
 29470 | Spider:3 | Got a pair of faintly humming gloves
 29483 | Spider:3 | Identified the cursed +0 pair of gloves of Lucidity {rC+
                  | Str+4 Dex+4} (You found it on level 3 of the Spider Nest)
 30187 | Spider:4 | Entered Level 4 of the Spider Nest
 30846 | Spider:4 | Received a gift from Okawaru
 31008 | Spider:4 | Got a gossamer rune of Zot
 31551 | Elf:1    | Entered Level 1 of the Elven Halls
 32092 | Elf:1    | Found Zeiplukao's One-of-a-Kind Books.
 32337 | Elf:1    | Reached XP level 18. HP: 82/144 MP: 15/23
 32627 | Elf:1    | Received a gift from Okawaru
 32656 | Elf:1    | Found a runed translucent gate.
 32656 | Elf:1    | Found a runed translucent gate.
 32656 | Elf:1    | Found a runed translucent gate.
 32656 | Elf:1    | Found a runed translucent gate.
 32656 | Elf:1    | Found a runed translucent gate.
 32656 | Elf:1    | Found a runed translucent gate.
 33864 | Elf:2    | Found a huge runed translucent gate.
 33864 | Elf:2    | Found a huge runed translucent gate.
 33864 | Elf:2    | Found a huge runed translucent gate.
 33864 | Elf:2    | Found a huge runed translucent gate.
 33868 | Elf:2    | Found a huge runed translucent gate.
 34035 | Elf:3    | Entered Level 3 of the Elven Halls
 34572 | Elf:3    | Noticed Louise
 34584 | Elf:3    | Killed Louise
 34686 | Elf:3    | Received a gift from Okawaru
 34707 | Elf:3    | Noticed Aizul
 34716 | Elf:3    | Killed Aizul
 34899 | Elf:3    | Noticed a Hell Sentinel
 34899 | Elf:3    | Noticed a Brimstone Fiend
 35264 | Elf:3    | Gained mutation: Your flesh is heat resistant. (rF+)
                  | [demonic ancestry]
 35264 | Elf:3    | Reached XP level 19. HP: 153/154 MP: 24/24
 35265 | Elf:3    | Identified the +1 chain mail of the Cast Vote {rF+ rN+
                  | rCorr Str+5}
 35293 | Elf:3    | Received a gift from Okawaru
 35293 | Elf:3    | Reached skill level 15 in Fighting
 35736 | Elf:3    | Identified Ruurgh's Papyrus of Domination
 35748 | Elf:3    | Got a steaming plate armour
 35759 | Elf:3    | Identified the +3 plate armour "Kidenuq" {rF+ rC+} (You
                  | found it on level 3 of the Elven Halls)
 35760 | Elf:3    | Identified Jusse's Collected Works on Freezing Flight
 36174 | Elf:3    | Identified Roxanne's Disquisition on the Mountains
 36174 | Elf:3    | Noticed Roxanne
 36200 | Elf:3    | Killed Roxanne
 36468 | Depths:1 | Entered Level 1 of the Depths
 36500 | Depths:1 | Found a shattered altar of Ashenzari.
 36899 | Depths:1 | Found a gateway to Hell.
 36951 | Depths:1 | Noticed a golden dragon
 36953 | Depths:1 | Noticed a golden dragon
 36976 | Depths:1 | Killed a golden dragon
 36978 | Depths:1 | Noticed a juggernaut
 36983 | Depths:1 | Reached skill level 15 in Armour
 36984 | Depths:1 | Killed a golden dragon
 36984 | Depths:1 | Noticed a caustic shrike
 37033 | Depths:1 | You fall through a shaft!
 37033 | Depths:2 | Identified the +5 faerie dragon scales {rF+ rCorr}
 37033 | Depths:2 | Noticed the Enchantress
 37795 | Depths:1 | Killed a caustic shrike
 37795 | Depths:1 | Received a gift from Okawaru
 37815 | Depths:1 | Killed a juggernaut
 38393 | Swamp:1  | Entered Level 1 of the Swamp
 38891 | Swamp:1  | Found the +27 Lear's hauberk
 39024 | Swamp:2  | You fall through a shaft!
 39898 | Swamp:4  | Entered Level 4 of the Swamp
 40092 | Swamp:4  | Received a gift from Okawaru
 40104 | Swamp:4  | Gained mutation: You are surrounded by a strong repulsion
                  | field. (EV +4, RMsl) [demonic ancestry]
 40104 | Swamp:4  | Reached XP level 20. HP: 160/165 MP: 21/25
 40274 | Swamp:4  | Reached skill level 15 in Dodging
 40770 | Swamp:4  | Got a decaying rune of Zot
 41336 | Swamp:2  | Noticed Donald
 41343 | Swamp:2  | Killed Donald
 41353 | Swamp:2  | Received a gift from Okawaru
 41765 | Swamp:2  | Found a runed translucent door.
 41765 | Swamp:2  | Found a shimmering altar of Xom.
 41765 | Swamp:2  | Noticed Wigiv's ghost (adept OgAE)
 41840 | Swamp:2  | Killed Wigiv's ghost
 42195 | Lair:1   | Identified a scroll of acquirement
 42355 | Vaults:1 | Entered Level 1 of the Vaults
 43602 | Vaults:2 | Noticed Nikola
 43618 | Vaults:2 | Killed Nikola
 43803 | Vaults:2 | Noticed Mennas
 43809 | Vaults:2 | Received a gift from Okawaru
 43827 | Vaults:2 | Killed Mennas
 44177 | Vaults:2 | Found a radiant altar of Vehumet.
 44267 | Vaults:2 | Reached XP level 21. HP: 175/175 MP: 26/26
 44271 | Vaults:2 | Got a bloodstained hat
 44297 | Vaults:2 | Identified the +0 hat "Adeosuh" {rElec} (You found it on
                  | level 2 of the Vaults)
 44704 | Vaults:2 | Found a staircase to the Crypt.
 45039 | Vaults:2 | Received a gift from Okawaru
 46369 | Vaults:4 | Received a gift from Okawaru
 46757 | Vaults:4 | Found Qorhinw Gayk's Distillery.
 46765 | Vaults:4 | Bought 2 potions of resistance for 440 gold pieces
 46765 | Vaults:4 | Bought a potion of might for 88 gold pieces
 46765 | Vaults:4 | Bought a potion of might for 88 gold pieces
 46765 | Vaults:4 | Bought a potion of might for 88 gold pieces
 47005 | Vaults:4 | Reached XP level 22. HP: 186/186 MP: 27/27
 47313 | Vaults:5 | Entered Level 5 of the Vaults
 47385 | Vaults:5 | Received a gift from Okawaru
 47401 | Vaults:5 | Noticed a golden dragon
 47412 | Vaults:5 | Killed a golden dragon
 48028 | Vaults:5 | Found the +8 arc blade {discharge, rElec}
 48752 | Vaults:5 | Received a gift from Okawaru
 48996 | Vaults:5 | Got a silver rune of Zot
 49305 | Vaults:5 | Reached XP level 23. HP: 146/196 MP: 28/28
 49525 | Vaults:5 | Got a scorched ivory ring
 49612 | Vaults:5 | Gained mutation: When low on magic, you restore magic in
                  | place of health. [demonic ancestry]
 49612 | Vaults:5 | Reached XP level 24. HP: 204/204 MP: 28/28
 49617 | Vaults:5 | Got a twisted battleaxe
 49618 | Vaults:5 | Identified the +9 battleaxe of Debt {flame, +Blink rC++ MR+
                  | Dex-4} (You found it on level 5 of the Vaults)
 49620 | Vaults:5 | Identified the ring "Qisof" {+Inv MP+9 Dex+3 SInv} (You
                  | found it on level 5 of the Vaults)
 50570 | Swamp:4  | Got a brightly glowing war axe {god gift}
 50571 | Swamp:4  | Identified the +6 war axe of Nuaryaw {freeze, Str+7 Dex+3
                  | SInv} (Okawaru gifted it to you on level 4 of the Swamp)
 51207 | Temple   | Entered the Ecumenical Temple
 51280 | Temple   | Fell from the grace of Okawaru
 51280 | Temple   | Became a worshipper of Makhleb the Destroyer
 51582 | Depths:2 | Identified the cursed -6 buckler "Vosmyz" {+Blink +Fly
                  | Int+4}
 51881 | Depths:2 | Reached * piety under Makhleb
 51970 | Depths:2 | Killed the Enchantress
 52017 | Depths:2 | Reached ** piety under Makhleb
 52074 | Depths:2 | Noticed Jory
 52079 | Depths:2 | Identified the ring "Maont" {rElec rN+ AC+2 Int+7}
 52093 | Depths:2 | Killed Jory
 52385 | Depths:2 | Found a one-way gate to the infinite horrors of the Abyss.
 52505 | Depths:2 | Reached *** piety under Makhleb
 53052 | Depths:3 | Found a one-way gate leading to the halls of Pandemonium.
 53075 | Depths:3 | Noticed Bai Suzhen
 53089 | Depths:3 | Killed Bai Suzhen
 53186 | Depths:3 | Reached **** piety under Makhleb
 53337 | Depths:3 | Noticed an ancient lich
 53354 | Depths:3 | Gained mutation: You are immune to clouds of flame.
                  | [demonic ancestry]
 53354 | Depths:3 | Reached XP level 25. HP: 210/210 MP: 13/28
 53359 | Depths:3 | Killed an ancient lich
 53359 | Depths:3 | Reached skill level 8 in Invocations
 53364 | Depths:3 | Identified the +7 long sword of the Known World {vamp, rC-
                  | rN+ Str-2 Int+4}
 53403 | Depths:3 | Reached skill level 9 in Invocations
 53645 | Depths:3 | Identified the +10 dagger "Widowermaker" {elec, +Rage Str+4
                  | Dex+3}
 53760 | Depths:3 | Noticed an ancient lich
 53765 | Depths:3 | Reached skill level 15 in Shields
 53771 | Depths:3 | Reached skill level 10 in Invocations
 53780 | Depths:3 | Reached ***** piety under Makhleb
 53785 | Depths:3 | Killed an ancient lich
 53785 | Depths:3 | Reached skill level 11 in Invocations
 53854 | Depths:3 | Noticed Asterion
 53862 | Depths:3 | Killed Asterion
 53866 | Depths:3 | Reached skill level 12 in Invocations
 54021 | Depths:3 | Noticed Saint Roka
 54037 | Depths:3 | Reached skill level 13 in Invocations
 54049 | Depths:3 | Killed Saint Roka
 54349 | Depths:4 | Found Hyttur's Antique Weapon Shop.
 54371 | Depths:4 | Reached skill level 14 in Invocations
 54381 | Depths:4 | Found a flickering gateway to a bazaar.
 54411 | Depths:4 | Reached skill level 15 in Invocations
 54451 | Bazaar   | Entered a bazaar
 54451 | Bazaar   | Found Quydeitu's Antique Armour Shop.
 54451 | Bazaar   | Found Zischoti's General Store.
 54458 | Bazaar   | Bought a potion of heal wounds for 45 gold pieces
 54470 | Bazaar   | Bought a glowing helmet for 180 gold pieces
 54470 | Bazaar   | Bought a faintly humming ring mail for 216 gold pieces
 54470 | Bazaar   | Bought a bloodstained chain mail for 228 gold pieces
 54480 | Bazaar   | Identified the +3 ring mail of a Million Ghosts {*Drain
                  | rElec rC+++ Str+3} (You bought it in a shop in a bazaar)
 54480 | Bazaar   | Identified the +7 chain mail "Enuasad" {rC+ rCorr} (You
                  | bought it in a shop in a bazaar)
 54518 | Bazaar   | Found Gale's Antique Weapon Shop.
 54770 | Depths:4 | Found Ysidee's Book Boutique.
 54811 | Depths:4 | Reached skill level 16 in Invocations
 54853 | Depths:4 | Found Recugibb's General Store.
 55382 | Depths:4 | Found a gateway to a ziggurat.
 55382 | Depths:4 | Paralysed by a floating eye for 4 turns
 55391 | Depths:4 | Paralysed by a floating eye for 2 turns
 55396 | Depths:4 | Paralysed by a floating eye for 2 turns
 55427 | Depths:4 | Found Poebav's Gadget Shoppe.
 55550 | Depths:4 | Gained mutation: You are clumsy. (Dex -2) [a cacodemon]
 55554 | Depths:4 | Reached skill level 17 in Invocations
 55724 | Depths:4 | Found a deep blue altar of Sif Muna.
 55773 | Depths:4 | Noticed an ancient lich
 55781 | Depths:4 | Killed an ancient lich
 55804 | Depths:4 | Identified the Reference Book on Creative Bewitchment
 55806 | Depths:4 | Identified Tiliwn's Handbook of the Compass and Moulding
 55836 | Depths:4 | Reached skill level 18 in Invocations
 55839 | Depths:4 | Gained mutation: You can hurl damnation. [demonic ancestry]
 55839 | Depths:4 | Reached XP level 26. HP: 218/218 MP: 35/36
 55851 | Depths:4 | Reached ****** piety under Makhleb
 55876 | Depths:4 | Identified the Tome of the Dusty Frostbite
 55937 | Depths:4 | Identified Sif Muna's Volume of Aid
 55962 | Depths:4 | Identified the Disquisition on Creative Poison
 55973 | Depths:4 | Identified the Grimoire of the Entourage and the Birds
 55994 | Depths:5 | Entered Level 5 of the Depths
 56155 | Depths:5 | Reached skill level 19 in Invocations
 56737 | Depths:5 | Reached skill level 20 in Invocations
 56904 | Depths:5 | Found a gate to the Realm of Zot.
 57338 | Depths:5 | Reached skill level 21 in Invocations
 57861 | Lair:1   | Lost mutation: You are clumsy. (Dex -2) [potion of
                  | mutation]
 57861 | Lair:1   | Gained mutation: You have a pair of small horns on your
                  | head. [potion of mutation]
 57861 | Lair:1   | Gained mutation: Your spells are a little harder to cast,
                  | but a little more powerful. [potion of mutation]
 57861 | Lair:1   | Gained mutation: Your muscles are strong. (Str +2) [potion
                  | of mutation]
 57861 | Lair:1   | Gained mutation: You have a pair of horns on your head.
                  | [potion of mutation]
 57862 | Lair:1   | Lost mutation: You have a pair of horns on your head.
                  | [potion of mutation]
 57862 | Lair:1   | Lost mutation: Your muscles are strong. (Str +2) [potion of
                  | mutation]
 57862 | Lair:1   | Gained mutation: Your muscles are strong. (Str +2) [potion
                  | of mutation]
 57862 | Lair:1   | Gained mutation: You have an increased reservoir of magic.
                  | (+10% MP) [potion of mutation]
 57863 | Lair:1   | Lost mutation: Your muscles are strong. (Str +2) [potion of
                  | mutation]
 57863 | Lair:1   | Lost mutation: Your spells are a little harder to cast, but
                  | a little more powerful. [potion of mutation]
 57863 | Lair:1   | Lost mutation: You have a pair of small horns on your head.
                  | [potion of mutation]
 57863 | Lair:1   | Gained mutation: Your system is resistant to poisons.
                  | (rPois) [potion of mutation]
 57863 | Lair:1   | Gained mutation: You are clumsy. (Dex -2) [potion of
                  | mutation]
 57863 | Lair:1   | Gained mutation: You expend magic power (3 MP) to
                  | strengthen your wands. [potion of mutation]
 57864 | Lair:1   | Lost mutation: You expend magic power (3 MP) to strengthen
                  | your wands. [potion of mutation]
 57864 | Lair:1   | Lost mutation: You are clumsy. (Dex -2) [potion of
                  | mutation]
 57864 | Lair:1   | Gained mutation: Your spells are a little easier to cast,
                  | but a little less powerful. [potion of mutation]
 57864 | Lair:1   | Gained mutation: You possess an exceptional clarity of
                  | mind. [potion of mutation]
 58024 | D:15     | Bought a scroll of acquirement for 780 gold pieces
 58024 | D:15     | Bought a scroll of teleportation for 45 gold pieces
 58025 | D:15     | Got a faintly glowing lead amulet
 58026 | D:15     | Identified the amulet of Disaster {Harm *Drain rF+ rN++
                  | Int+2} (You acquired it on level 15 of the Dungeon)
 58291 | Slime:1  | Entered Level 1 of the Pits of Slime
 58506 | Slime:2  | Paralysed by a floating eye for 3 turns
 58946 | Slime:3  | Gained mutation: You occasionally shout uncontrollably at
                  | your foes. [a shining eye]
 58962 | Slime:3  | Lost mutation: Your spells are a little easier to cast, but
                  | a little less powerful. [a shining eye]
 59170 | Slime:1  | Gained mutation: Your body sometimes deteriorates upon
                  | taking damage. [a shining eye]
 59172 | Slime:1  | Gained mutation: Scrolls take you a little longer to read.
                  | [a shining eye]
 59386 | Slime:4  | Noticed Dissolution
 59391 | Slime:4  | Paralysed by a floating eye for 2 turns
 59393 | Slime:4  | Gained mutation: You are clumsy. (Dex -2) [a shining eye]
 59399 | Slime:4  | Killed Dissolution
 59405 | Slime:4  | Gained mutation: You are weak. (Str -2) [a shining eye]
 60054 | Slime:5  | Entered Level 5 of the Pits of Slime
 60321 | Slime:5  | Reached XP level 27. HP: 226/226 MP: 41/41
 60385 | Slime:5  | Found a viscous altar of Jiyva.
 60386 | Slime:5  | Noticed the Royal Jelly
 60402 | Slime:5  | Killed the Royal Jelly
 60450 | Slime:5  | Got a pitted brass ring
 60489 | Slime:5  | Got a slimy copper amulet
 60540 | Slime:5  | Got a slimy rune of Zot
 60597 | Slime:5  | Identified the amulet of Oenomania {Harm *Drain rN++ Str-2}
                  | (You found it on level 5 of the Pits of Slime)
 60599 | Slime:5  | Identified the ring of Sailionui {-Tele +Fly rC+ rN+ SInv}
                  | (You found it on level 5 of the Pits of Slime)
 60609 | Slime:5  | Lost mutation: You possess an exceptional clarity of mind.
                  | [potion of mutation]
 60609 | Slime:5  | Lost mutation: You are clumsy. (Dex -2) [potion of
                  | mutation]
 60609 | Slime:5  | Lost mutation: Scrolls take you a little longer to read.
                  | [potion of mutation]
 60609 | Slime:5  | Lost mutation: Your body sometimes deteriorates upon taking
                  | damage. [potion of mutation]
 60609 | Slime:5  | Gained mutation: Your spells are a little harder to cast,
                  | but a little more powerful. [potion of mutation]
 60799 | Lair:3   | Was forgiven by Okawaru
 61155 | Hell     | Entered the Vestibule of Hell
 61155 | Hell     | Noticed Geryon
 61178 | Hell     | Killed Geryon
 61350 | Hell     | Found a gateway to the decaying netherworld of Tartarus.
 61432 | Hell     | Found a gateway to the ashen valley of Gehenna.
 61512 | Hell     | Found a gateway to the Iron City of Dis.
 61549 | Hell     | Found a gateway to the freezing wastes of Cocytus.
 61683 | Zig:1    | Entered Level 1 of a ziggurat
 61704 | Zig:2    | Entered Level 2 of a ziggurat
 61707 | Zig:2    | Paralysed by a floating eye for 4 turns
 61732 | Zig:3    | Entered Level 3 of a ziggurat
 61736 | Zig:3    | Found the +7 captain's cutlass {speed, disarm}
 61736 | Zig:3    | Found the +8 trident of the Octopus King {venom, rElec
                  | rPois MR+}
 61768 | Zig:4    | Entered Level 4 of a ziggurat
 61806 | Zig:5    | Entered Level 5 of a ziggurat
 61854 | Zig:6    | Entered Level 6 of a ziggurat
 61992 | Zig:7    | Entered Level 7 of a ziggurat
 62073 | Zig:8    | Entered Level 8 of a ziggurat
 62105 | Zig:8    | Paralysed by accursed screaming for 1 turns
 62163 | Zig:9    | Entered Level 9 of a ziggurat
 62247 | Zig:10   | Entered Level 10 of a ziggurat
 62304 | Zig:10   | Identified Gadunk's Incunabulum of Nocuous Aid
 62342 | Zig:11   | Entered Level 11 of a ziggurat
 62355 | Zig:11   | Found the +3 pair of gauntlets of War {Slay+5}
 62431 | Zig:11   | Identified Sif Muna's Catalogue of Blistering Stones
 62458 | Zig:12   | Entered Level 12 of a ziggurat
 62677 | Zig:12   | Identified the Tome of Flamy Intoxication
 62689 | Zig:12   | Got an ancient turquoise ring
 62696 | Zig:12   | Got a fine bone ring
 62712 | Zig:12   | Identified the ring "Oduurghiol" {-Tele rC+ MR- Dex+8 SInv}
                  | (You found it on level 12 of a ziggurat)
 62714 | Zig:12   | Identified the ring "Cuig" {Wiz *Slow rC++} (You found it
                  | on level 12 of a ziggurat)
 62834 | Zig:13   | Entered Level 13 of a ziggurat
 62902 | Zig:13   | Got a sparkling wooden ring
 62904 | Zig:13   | Identified the ring of Relativism {Wiz rN+ Str+2 Dex+3}
                  | (You acquired it on level 13 of a ziggurat)
 62911 | Zig:13   | Reached skill level 22 in Invocations
 62918 | Zig:13   | Identified Yven Uwu's Compendium of the Cloudy Glacier
 62921 | Zig:13   | Got a jewelled plate armour
 62922 | Zig:13   | Identified the cursed +1 plate armour of the Hunter {Dex+2}
                  | (You found it on level 13 of a ziggurat)
 62947 | Zig:14   | Entered Level 14 of a ziggurat
 62965 | Zig:14   | Noticed a greater mummy
 62965 | Zig:14   | Noticed a greater mummy
 62983 | Zig:14   | Killed a greater mummy
 62998 | Zig:14   | Killed a greater mummy
 63000 | Zig:14   | Lost mutation: Your spells are a little harder to cast, but
                  | a little more powerful. [a neqoxec]
 63044 | Zig:14   | Got a clouded turquoise ring
 63049 | Zig:14   | Identified the Papyrus of Displacement
 63051 | Zig:14   | Identified Pasana Sydi's Tome of Lucky Beguiling
 63077 | Zig:14   | Identified the ring "Baasud" {rN+ Stlth+} (You found it on
                  | level 14 of a ziggurat)
 63442 | Zig:15   | Entered Level 15 of a ziggurat
 63454 | Zig:15   | Noticed an ancient lich
 63460 | Zig:15   | Noticed an ancient lich
 63472 | Zig:15   | HP: 16/343 [vampire knight/+2 glaive of flaming (21)]
 63474 | Zig:15   | Impaled on a Hell Sentinel's spines

Skill      XL: |  1  2  3  4  5  6  7  8  9 10 11 12 13 14 15 16 17 18 19 20 21 22 23 24 25 26 27 |
---------------+----------------------------------------------------------------------------------+-----
Axes           | 2 3 4 5 6 7 9 10 11 13 14 16 17 18 | 18.1
Armour         | 3 4 6 7 8 9 10 11 12 13 14 15 16 17 18 19 20 | 20.8
Dodging        | 1 2 3 4 5 6 7 8 9 10 12 13 14 16 17 18 19 20 | 20.1
Shields        | 3 4 5 6 7 8 9 10 11 12 14 15 17 | 17.0
Fighting       | 4 5 6 7 8 9 10 11 12 13 14 16 17 18 19 20 21 | 21.7
Invocations    | 1 4 6 7 18 21 22 | 22.2

Action                   |  1- 3 |  4- 6 |  7- 9 | 10-12 | 13-15 | 16-18 | 19-21 | 22-24 | 25-27 || total
-------------------------+-------+-------+-------+-------+-------+-------+-------+-------+-------++-------
Melee: War axe           |    95 |   224 |   404 |   591 |       |       |       |       |       ||  1314
       Kick              |       |    21 |    90 |    87 |       |   600 |   800 |   529 |  1034 ||  3161
       Battleaxe         |       |       |       |   138 |   231 |       |       |       |       ||   369
       Broad axe         |       |       |       |       |  1042 |  1321 |  1514 |   984 |  1845 ||  6706
Invok: Heroism           |       |       |     4 |    16 |    10 |     8 |     9 |     2 |       ||    49
       Finesse           |       |       |       |     8 |    16 |    16 |    11 |     2 |       ||    53
       Greater Servant o |       |       |       |       |       |       |       |       |     5 ||     5
       Major Destruction |       |       |       |       |       |       |       |       |     2 ||     2
 Abil: Evoke Berserk Rag |       |       |       |       |       |     2 |       |       |       ||     2
       Hurl Damnation    |       |       |       |       |       |       |       |       |     1 ||     1
Evoke: Wand              |       |       |     1 |     4 |     3 |     1 |       |       |     1 ||    10
  Use: Scroll            |       |       |     4 |    12 |    11 |    11 |     9 |     7 |    15 ||    69
       Potion            |       |       |     1 |     1 |     5 |     2 |     6 |     2 |    17 ||    34
 Stab: Distracted        |       |       |       |       |       |     1 |     2 |     2 |     3 ||     8
       Confused          |       |       |       |       |       |       |     3 |       |     2 ||     5
       Invisible         |       |       |       |       |       |       |       |       |    16 ||    16
       Paralysed         |       |       |       |       |       |       |       |       |     1 ||     1
  Eat: Chunk             |     3 |     8 |    13 |    18 |    26 |    22 |    23 |    11 |    17 ||   141
       Ration            |       |       |     2 |     1 |     2 |     4 |     4 |     3 |     5 ||    21
Armor: Scale mail        |    56 |   106 |   153 |    57 |       |       |       |       |       ||   372
       Plate armour      |       |       |       |    99 |   323 |   255 |   152 |    97 |    31 ||   957
       Chain mail        |       |       |       |       |       |       |     1 |       |   162 ||   163
Dodge: Dodged            |    31 |   107 |   213 |   325 |   585 |   543 |   542 |   346 |   721 ||  3413
       Deflected         |       |       |       |       |       |       |    16 |    19 |    34 ||    69
Block: Shield            |    74 |   140 |   257 |   224 |   461 |   609 |   891 |   646 |  1421 ||  4723
       Reflection        |       |       |       |       |       |       |    96 |    69 |    84 ||   249
